 Dungeon Crawl Stone Soup version 0.31.0-32-g396128a36d (webtiles) character file.

Game seed: 84121934452530679

509 Cheops the Cleaver (level 6, -2/51 HPs)
             Began as a Minotaur Fighter on Apr 5, 2024.
             Succumbed to a killer bee's poison
             ... on level 5 of the Dungeon.
             The game lasted 00:05:24 (3044 turns).

Cheops the Cleaver (Minotaur Fighter)               Turns: 3044, Time: 00:05:25

Health: -2/51      AC: 10    Str: 23    XL:     6   Next: 98%
Magic:  5/5        EV:  8    Int:  5    God:
Gold:   114        SH:  4    Dex:  9    Spells: 5/5 levels left

rFire   + . .        a - +2 hand axe (heavy)
rCold   + . .        c - +0 buckler
rNeg    . . .        y - +0 chain mail
rPois   .            (helmet restricted)
rElec   .            t - +0 cloak {Stlth+}
rCorr   .            (no gloves)
SInv    .            (no boots)
Will    +....        (no amulet) Stlth
                     f - ring of protection from fire
HPRegen 0.28/turn    m - ring of protection from cold
MPRegen 0.09/turn

%: no passive effects
@: brilliant, lethally poisoned (-2 -> -18), enlightened, flying
A: horns 2, retaliatory headbutt
a: no special abilities


You were on level 5 of the Dungeon.
You visited 1 branch of the dungeon, and saw 5 of its levels.

You collected 114 gold pieces.

Inventory:

Hand Weapons
 a - a +2 heavy hand axe (weapon)
 b - a +0 morningstar
Armour
 c - a +0 buckler (worn)
 p - the +1 robe of the Tuna {Harm rF+}
   (You took it off a hobgoblin on level 2 of the Dungeon)

   rF+:       It protects you from fire.
   Harm:      It increases damage dealt and taken.
 t - a +0 cloak of stealth (worn)
 x - a +2 leather armour of poison resistance
 y - a +0 chain mail (worn)
Jewellery
 f - a ring of protection from fire (left hand)
 m - a ring of protection from cold (right hand)
 r - a ring of wizardry
Wands
 q - a wand of light (3)
Scrolls
 e - 6 scrolls of fear {unknown}
 i - 6 scrolls of identify {unknown}
 j - a scroll of brand weapon {unknown}
Potions
 d - a potion of might
 h - a potion of degeneration {unknown}
 k - a potion of resistance {unknown}
 n - a potion of haste {unknown}
 o - a potion of enlightenment
 u - a potion of curing {unknown}
 v - a potion of attraction {unknown}


   Skills:
 - Level 3.6 Fighting
 + Level 9.2 Axes
 - Level 3.6 Armour
 - Level 3.6 Shields


You had 5 spell levels left.
You didn't know any spells.
Your spell library contained the following spells:

 Spells                   Type           Power      Damage    Failure   Level
 Foxfire                  Conj/Fire      0%         2x1d4     98%         1
 Plasma Beam              Fire/Air       0%         2x1d10    100%        6
 Starburst                Conj/Fire      0%         6d3       100%        6


Dungeon Overview and Level Annotations

Branches:
Dungeon (5/15)
 Temple: D:4-7

Altars:

Shops:
D:2 [

Annotations:
D:3 1 runed translucent door, jimmypageman's ghost, amateur MiFi
D:4 3 runed translucent doors, 601d51SH's ghost, amateur GnFi; middlethird's ghost, amateur VSIE


Innate Abilities, Weirdness & Mutations

You have a pair of horns on your head.
You reflexively headbutt those who attack you in melee.


Message History

The killer bee poisons you!
You barely miss the killer bee.
The killer bee is moderately wounded.
You feel very sick.
The killer bee stings you but does no damage.
The killer bee stings you.
* * * LOW HITPOINT WARNING * * *
Unknown command.
Unknown command.
You hit the killer bee.
The killer bee is heavily wounded.
You feel very sick. The killer bee completely misses you.
The killer bee stings you.
* * * LOW HITPOINT WARNING * * *
You are more poisoned.
The killer bee poisons you! You block the killer bee's attack.
You closely miss the killer bee.
The killer bee is heavily wounded.
You feel very sick. The killer bee completely misses you.
You furiously retaliate!
You headbutt the killer bee.
The killer bee stings you but does no damage.
The killer bee stings you.
* * * LOW HITPOINT WARNING * * *
Unknown command.
Unknown command.
It was a potion of enlightenment.
You feel very buoyant.
You fly up into the air.
You feel sick. The killer bee stings you.
* * * LOW HITPOINT WARNING * * *
The killer bee stings you.
* * * LOW HITPOINT WARNING * * *
You are more poisoned.
The killer bee poisons you!
Unknown command.
Unknown command.
Unknown command.
It was a potion of brilliance.
You feel clever all of a sudden.
You die...

# # #.####### #
...>... #
#.#..######## ##
#...........# #.
####@######.# #.
#y# #.# ####. #.#
#.# #....
#...####.#####....
#...........##....
#.........).......
...########.#####.
#### #.......
########


You could see a killer bee.

Vanquished Creatures
  2 ogres
  A phantom (D:5)
  An orc priest (D:3)
  Crazy Yiuf (D:3)
  An iguana (D:4)
  Terence (D:2)
  4 adders
  A shadow imp (D:5)
  6 dart slugs
  7 orcs
  10 ball pythons
  4 bats
  5 endoplasms
  8 giant cockroaches
  10 goblins
  9 hobgoblins
  8 jackals (D:1)
  7 kobolds
  4 quokkas
  A frilled lizard (D:1)
  4 rats
95 creatures vanquished.

Notes
Turn   | Place    | Note
-------+----------+-------------------------------------------
     0 | D:1      | Cheops the Minotaur Fighter began the quest for the Orb.
     0 | D:1      | Reached XP level 1. HP: 19/19 MP: 0/0
    26 | D:1      | Reached skill level 3 in Axes
    37 | D:1      | Reached XP level 2. HP: 26/26 MP: 1/1
   106 | D:1      | Reached skill level 4 in Axes
   248 | D:1      | Found a faded altar of an unknown god.
   293 | D:1      | Reached XP level 3. HP: 31/31 MP: 2/2
   633 | D:2      | Found Ycom's Armour Shop.
   644 | D:2      | Reached skill level 5 in Axes
   785 | D:2      | Reached XP level 4. HP: 39/39 MP: 3/3
   803 | D:2      | Identified the +1 robe of the Tuna {Harm rF+}
   852 | D:2      | Noticed Terence
   862 | D:2      | Killed Terence
   909 | D:2      | Reached skill level 6 in Axes
  1140 | D:3      | Found a runed translucent door.
  1141 | D:3      | Noticed Crazy Yiuf
  1365 | D:3      | Reached XP level 5. HP: 45/45 MP: 4/4
  1466 | D:3      | Found a runed translucent door.
  1471 | D:3      | Noticed jimmypageman's ghost (amateur MiFi)
  1841 | D:3      | Killed Crazy Yiuf
  1842 | D:3      | Reached skill level 7 in Axes
  2022 | D:4      | Noticed an ogre
  2029 | D:4      | Killed an ogre
  2030 | D:4      | Reached XP level 6. HP: 27/51 MP: 5/5
  2277 | D:4      | Reached skill level 8 in Axes
  2517 | D:4      | Found a runed translucent gate.
  2518 | D:4      | Found a runed translucent gate.
  2519 | D:4      | Found a runed translucent gate.
  2522 | D:4      | Noticed 601d51SH's ghost (amateur GnFi)
  2522 | D:4      | Noticed middlethird's ghost (amateur VSIE)
  2943 | D:5      | Entered Level 5 of the Dungeon
  3018 | D:5      | Reached skill level 9 in Axes
  3043 | D:5      | HP: 2/51 [killer bee (6)]
  3044 | D:5      | Succumbed to a killer bee's poison

Illustrated notes

Levels and vault maps discovered:
D:1:      tarquinn_simple_flora_water_c, layout_rooms,
          shapermc_ecumenical_altar_gd
D:2:      layout_rooms, serial_shops, nicolae_shop_peninsula, uniq_terence
D:3:      layout_loops_ring, ebering_ghost_sewer_d, uniq_crazy_yiuf_cottage
D:4:      layout_gridville, gammafunk_ghost_cemetery, columned_hall_lemuel,
          wad_orctagon
D:5:      layout_loops_ring, minmay_temple_entry_purple_smoke,
          minmay_misc_feat_cross, minmay_strange_pillars, uniq_edmund

Skill      XL: |  1  2  3  4  5  6 |
---------------+-------------------+-----
Axes           | 3 4 5 6 7 9 |  9.2
Fighting       | |  3.6
Armour         | |  3.6
Shields        | |  3.6

Action                     |  1- 3 |  4- 6 || total
---------------------------+-------+-------++-------
  Melee: War axe           |    82 |     3 ||    85
         Headbutt          |    16 |    21 ||    37
         Morningstar       |    16 |   106 ||   122
         Hand axe          |       |    19 ||    19
    Use: Potion            |       |     2 ||     2
 Armour: Scale mail        |    73 |    72 ||   145
         Chain mail        |       |    19 ||    19
  Dodge: Dodged            |    46 |    61 ||   107
  Block: Buckler           |    28 |    29 ||    57
